 Dungeon Crawl Stone Soup version 0.27.0-1-g7a089689b8 (webtiles) character file.

Game seed: 2259782011964092247

9 Gunterle the Sneak (level 2, -1/20 HPs)
             Began as a Kobold Delver on Aug 10, 2021.
             Slain by an adder (3 damage)
             ... on level 5 of the Dungeon.
             The game lasted 00:02:41 (855 turns).

Gunterle the Sneak (Kobold Delver)                   Turns: 855, Time: 00:02:42

Health: -1/20      AC:  3    Str:  9    XL:     2   Next: 20%
Magic:  2/2        EV: 14    Int: 11    God:
Gold:   27         SH:  0    Dex: 16    Spells: 1/1 levels left

rFire    . . .     SeeInvis .   l - +0 dagger
rCold    . . .     Faith    .   (shield restricted)
rNeg     . . .     Spirit   .   b - +0 leather armour
rPois    .         Reflect  .   (no helmet)
rElec    .         Harm     .   (no cloak)
rCorr    .         Rampage  .   (no gloves)
Will     .....                  (no boots)
Stlth    ++++......             (no amulet)
HPRegen  0.06/turn              (no ring)
MPRegen  0.08/turn              (no ring)

@: on berserk cooldown, hasted and slowed
A: small, no large weapons, nightstalker 3
a: no special abilities


You were on level 5 of the Dungeon.
You visited 1 branch of the dungeon, and saw 3 of its levels.

You collected 27 gold pieces.

Inventory:

Hand Weapons
 a - a +0 short sword
 l - a +0 dagger (weapon)
Missiles
 h - 21 arrows
 k - 44 stones
 m - 25 sling bullets
 n - 15 poisoned darts (quivered)
Armour
 b - a +0 leather armour (worn)
Wands
 g - a wand of digging (3)
Scrolls
 c - a scroll of fog
 d - a scroll of magic mapping
 e - a scroll of fear
 i - 2 scrolls of teleportation {unknown}
Potions
 j - a potion of berserk rage


   Skills:
 + Level 3.6 Fighting
 + Level 2.7 Short Blades
 + Level 0.3 Armour
 + Level 2.4 Dodging
 + Level 6.8 Stealth


You had one spell level left.
You didn't know any spells.
Your spell library contained the following spells:

 Spells                   Type           Power      Damage    Failure   Level
 Malign Gateway           Summ/Tloc      0%         N/A       100%        7
 Summon Horrible Things   Summ           0%         N/A       100%        8


Dungeon Overview and Level Annotations

Branches:
Dungeon (6/15)
 Temple: D:4-7

Altars:

Annotations:
D:6 exclusions: ice beast, orc, sky beast and ufetubus


Innate Abilities, Weirdness & Mutations

You are small and have problems with some larger weapons.
You are completely attuned to the shadows.


Message History

You are too injured to fight recklessly!
You are too injured to fight recklessly!
You are too injured to fight recklessly!
You are too injured to fight recklessly!
You are too injured to fight recklessly!
You are too injured to fight recklessly!
You are too injured to fight recklessly!
You are too injured to fight recklessly!
You are too injured to fight recklessly!
You are too injured to fight recklessly!
You are too injured to fight recklessly!
You are too injured to fight recklessly!
You are too injured to fight recklessly!
You are too injured to fight recklessly!
You are too injured to fight recklessly!
Unknown command.
You feel yourself speed up. The adder bites you. x2
* * * LOW HITPOINT WARNING * * *
You are lethally poisoned!
The adder poisons you!
Unknown command.
It was a potion of berserk rage.
A red film seems to cover your vision as you go berserk!
You feel yourself moving faster!
You feel mighty!
You feel sick. The adder completely misses you.
Unknown command.
You feel a strong urge to attack something.
You feel sick.
You feel your anger nearly subside.
You feel sick.
You are no longer berserk.
You are exhausted.
You feel yourself slow down.
You feel sick.
You are no longer poisoned.
There is a stone staircase leading down here.
The adder bites you but does no damage.
You climb downwards.
There is a stone staircase leading up here.
The adder bites you.
You die...

#... ##..#
...#.#
#..#.#
#.#<.#.###
..........#
.........>#
........S@#
........<.#
##...#####
..#. #


You could see an adder.

Vanquished Creatures
  A dart slug (D:4)
  A ball python (D:4)
  A goblin (D:4)
  A hobgoblin (D:4)
  2 kobolds (D:4)
6 creatures vanquished.

Notes
Turn   | Place    | Note
-------+----------+-------------------------------------------
     0 | D:5      | Gunterle the Kobold Delver began the quest for the Orb.
     0 | D:5      | Reached XP level 1. HP: 14/14 MP: 1/1
   107 | D:6      | Noticed an ice beast
   156 | D:6      | Noticed a sky beast
   260 | D:6      | Noticed a scorpion
   537 | D:4      | Reached XP level 2. HP: 15/19 MP: 2/2
   849 | D:4      | HP: 1/20 [poisoned by an adder]
   855 | D:5      | Slain by an adder

Illustrated notes

Levels and vault maps discovered:
D:4:      layout_basic
D:5:      layout_rooms, mainiacjoe_overflow_alcove_2,
          gammafunk_temple_overflow_pools, minmay_temple_entry_sparse_star
D:6:      layout_basic, grunt_decor_junction

Action                   || total
-------------------------++-------
Melee: Short sword       ||    11
       Dagger            ||    27
Throw: Stone             ||     2
       Dart              ||     2
  Use: Potion            ||     2
 Stab: Sleeping          ||     1
Armor: Leather armour    ||     6
Dodge: Dodged            ||    20
